 Dungeon Crawl Stone Soup version 0.23.2-33-g5129a83 (webtiles) character file.

Game seed: 13396906727857451893

298 EazyBreezy the Shield-Bearer (level 6, -1/33 HPs)
             Began as a Vine Stalker Fighter on July 28, 2019.
             Killed by nerve-wracking pain
             ... invoked by an orc priest
              (10 damage)
             ... on level 3 of the Dungeon.
             The game lasted 00:05:42 (1284 turns).

EazyBreezy the Shield-Bearer (Vine Stalker Fighter) Turns: 1284, Time: 00:05:43

Health: -1/33      AC: 10    Str: 19    XL:     6   Next: 36%
Magic:  0/7        EV:  8    Int:  8    God:
Gold:   46         SH:  9    Dex: 15    Spells: 5/5 levels left

rFire    . . .     SeeInvis .   a - +1 long sword
rCold    . . .     Gourm    .   c - +0 shield
rNeg     . . .     Faith    .   b - +0 scale mail
rPois    .         Spirit   +   (no helmet)
rElec    .         Reflect  .   g - +2 cloak
rCorr    .         Harm     .   (no gloves)
MR       .....     Rnd*Tele +   (no boots)
Stlth    ..........             (no amulet)
HPRegen  0.51/turn              e - ring of teleportation
MPRegen  0.10/turn              (no ring)

@: no status effects
A: fangs 2, regeneration 1, magic shield, antimagic bite, no potion heal 3, rot
immunity
a: no special abilities


You were on level 3 of the Dungeon.
You were not hungry.

You visited 1 branch of the dungeon, and saw 3 of its levels.

You collected 46 gold pieces.

Inventory:

Hand Weapons
 a - a +1 long sword (weapon)
Armour
 b - a +0 scale mail (worn)
 c - a +0 shield (worn)
 g - a +2 cloak (worn)
 j - a +0 pair of gloves
Jewellery
 e - a ring of teleportation (left hand)
Wands
 h - a wand of random effects (18)
Scrolls
 m - a scroll of remove curse
Potions
 d - 2 potions of might
 i - a potion of flight
 k - 2 potions of curing
 l - a potion of invisibility {unknown}
Comestibles
 f - 8 rations


   Skills:
 * Level 3.6 Fighting
 * Level 3.2 Long Blades
 * Level 3.5 Armour
 * Level 1.2 Dodging
 * Level 3.7 Shields


You had 5 spell levels left.
You didn't know any spells.
Your spell library was empty.

Dungeon Overview and Level Annotations

Branches:
Dungeon (3/15)

Altars:

Annotations:
D:3 2 transporters, coldmage's ghost, amateur TrMo


Innate Abilities, Weirdness & Mutations

You have extremely sharp teeth.
Your natural rate of healing is unusually fast.
When hurt, damage is shared between your health and your magic reserves.
Your bite disrupts and absorbs the magic of your enemies.
Potions cannot restore your health.
You are immune to rotting.


Message History

You feel invigorated.
The orc priest is heavily wounded.
The orc priest hits you but does no damage.
You closely miss the orc priest. Your bite misses the orc priest.
The orc priest is heavily wounded.
You block the orc priest's attack.
You hit the orc priest.
The orc priest is almost dead.
The orc priest begins to cast a cantrip, but forgets the words!
The orc priest miscasts a cantrip.
You slash the orc priest!
You kill the orc priest!
You hit the orc priest. Your bite misses the orc priest.
The orc priest is moderately wounded.
You block the orc priest's attack.
You hit the orc priest.
The orc priest is severely wounded.
The orc priest invokes the aid of Beogh against you.
Pain shoots through your body!
You die...

#.# #.# #.#
#.# #.# #.#
#.#
############.#
.....oo@†....#
##############


You could see an orc priest and an orc.

Vanquished Creatures
  Sigmund (D:2)
  An orc priest (D:3)
  Jessica (D:2)
  3 adders
  An ooze (D:2)
  2 worms (D:2)
  3 leopard geckos
  2 orcs (D:3)
  10 goblins
  6 hobgoblins
  2 jackals (D:2)
  A quokka (D:3)
  4 bats
  3 frilled lizards
  4 kobolds
  4 rats
48 creatures vanquished.

Notes
Turn   | Place    | Note
-------+----------+-------------------------------------------
     0 | D:1      | EazyBreezy the Vine Stalker Fighter began the quest for the
                  | Orb.
     0 | D:1      | Reached XP level 1. HP: 11/11 MP: 2/2
   266 | D:1      | Reached XP level 2. HP: 14/16 MP: 3/3
   705 | D:2      | Noticed Sigmund
   705 | D:2      | Noticed Jessica
   764 | D:2      | Killed Jessica
   764 | D:2      | Reached XP level 3. HP: 20/20 MP: 4/4
   774 | D:2      | Killed Sigmund
   774 | D:2      | Reached skill level 1 in Dodging
   774 | D:2      | Gained mutation: Your natural rate of healing is unusually
                  | fast. [Vine Stalker growth]
   774 | D:2      | Reached XP level 4. HP: 20/24 MP: 5/5
   774 | D:2      | Reached XP level 5. HP: 23/28 MP: 6/6
   871 | D:2      | Reached XP level 6. HP: 32/32 MP: 7/7
  1086 | D:3      | Found a transporter.
  1086 | D:3      | Noticed coldmage's ghost (amateur TrMo)
  1088 | D:3      | Identified the cursed +3 dire flail of the Sea {crush,
                  | Int+3 Stlth+}
  1101 | D:3      | Found a transporter.
  1284 | D:3      | Killed from afar by an orc priest

Skill      XL: |  1  2  3  4  5  6 |
---------------+-------------------+-----
Fighting       | 3 |  3.6
Long Blades    | 2 3 |  3.2
Shields        | 3 |  3.7
Armour         | 3 |  3.5
Dodging        | 1 |  1.2

Action                   |  1- 3 |  4- 6 || total
-------------------------+-------+-------++-------
Melee: Long sword        |    28 |    93 ||   121
       Bite              |     5 |    39 ||    44
  Use: Scroll            |     3 |     3 ||     6
  Eat: Ration            |       |     1 ||     1
Armor: Scale mail        |    16 |    58 ||    74
Dodge: Dodged            |     7 |    56 ||    63
Block: Shield            |    14 |    65 ||    79
       Rpst.: Long sword |     5 |    14 ||    19
